 Dungeon Crawl Stone Soup version 0.30-a0-643-g638baaf3f0 (webtiles) character file.

Game seed: 14480493591369670656

19551 Dirtsage the Martial Artist (level 12, -2/98 HPs)
             Began as an Octopode Transmuter on Jan 16, 2023.
             Was a Priest of the Shining One.
             Slain by an elephant (12 damage)
             ... on level 3 of the Lair of Beasts.
             The game lasted 00:31:33 (12009 turns).

Dirtsage the Martial Artist (Octopode Transmuter)  Turns: 12009, Time: 00:31:34

Health: -2/98      AC: 12    Str:  9    XL:     12   Next: 70%
Magic:  10/16      EV: 12    Int: 26    God:    the Shining One [***...]
Gold:   572        SH:  0    Dex: 13    Spells: 4/15 levels left

rFire   x . .      SeeInvis +      - Unarmed
rCold   + + +      Faith    .    (shield currently unavailable)
rNeg    + . .      Spirit   .    (helmet currently unavailable)
rPois   +          Reflect  .    F - amulet of regeneration
rElec   .          Harm     .    p - +6 ring of intelligence
rCorr   .          Rampage  .    I - ring of protection from cold
Will    .....                    S - ring of see invisible
Stlth   +                        (no ring)
HPRegen 0.00/turn                (no ring)
MPRegen 0.15/turn                (no ring)
                                 (no ring)
                                 (no ring)

@: ice-form, inhibited regen, glowing
A: freezing attack, boosted hp, almost no armour, amphibious, 8 rings, large,
(camouflage 1), (gelatinous body 1), (nimble swimmer 1), (tentacles), inhibited
regeneration, MP-powered wands
a: End Transformation, Renounce Religion, Divine Shield, Cleansing Flame


You were on level 3 of the Lair of Beasts.
You worshipped the Shining One.
The Shining One was most pleased with you.
You were a creature of crystalline ice.
You visited 3 branches of the dungeon, and saw 15 of its levels.

You collected 792 gold pieces.
You spent 220 gold pieces at shops.

Inventory:

Missiles
 x - 3 curare-tipped darts
Magical Staves
 r - a staff of cold (melded)
Jewellery
 p - a +6 ring of intelligence (left front paw)
 C - a ring of ice
 F - an amulet of regeneration (around neck)
 I - a ring of protection from cold (right front paw)
 S - a ring of see invisible (on tentacle)
Wands
 v - a wand of charming (33)
 H - a wand of flame (8)
Scrolls
 f - 2 scrolls of magic mapping
 g - a scroll of fear
 j - a scroll of vulnerability
 k - 3 scrolls of immolation
 s - a scroll of silence
 t - 6 scrolls of teleportation
 w - 2 scrolls of amnesia
 y - 4 scrolls of poison
 z - 2 scrolls of fog
 D - 3 scrolls of enchant armour
Potions
 a - 2 potions of lignification
 b - 6 potions of brilliance
 c - 3 potions of attraction
 d - a potion of might
 e - a potion of cancellation
 h - 2 potions of ambrosia {unknown}
 l - 3 potions of heal wounds
 m - a potion of berserk rage
 n - a potion of resistance
 o - a potion of degeneration
 q - 3 potions of curing
 A - a potion of flight
 B - 2 potions of haste {unknown}
Miscellaneous
 E - a piece from Xom's chessboard (15/15)
 G - a phial of floods


   Skills:
 + Level 7.7 Fighting
 - Level 6.2 Dodging
 + Level 8.3 Unarmed Combat
 - Level 2.0 Spellcasting
 * Level 7.7 Summonings
 * Level 7.7 Translocations
 - Level 8.0 Transmutations
 - Level 8.0 Ice Magic
 - Level 6.3 Invocations


You had 4 spell levels left.
You knew the following spells:

 Your Spells              Type           Power      Damage    Failure   Level
a - Ice Form              Ice/Tmut       44%        N/A       3%          4
b - Wereblood             Tmut           44%        N/A       1%          2
c - Summon Forest         Summ/Tloc      21%        N/A       12%         5

Your spell library contained the following spells:

 Spells                   Type           Power      Damage    Failure   Level
 Apportation              Tloc           86%        N/A       1%          1
 Beastly Appendage        Tmut           88%        N/A       1%          1
 Summon Small Mammal      Summ           100%       N/A       1%          1
 Gell's Gravitas          Tloc           43%        N/A       1%          3
 Teleport Other           Tloc           43%        N/A       1%          3
 Passage of Golubria      Tloc           43%        N/A       4%          4
 Spider Form              Tmut/Pois      23%        N/A       6%          3
 Foxfire                  Conj/Fire      8%         2x1d4     11%         1
 Necrotise                Necr           8%         1d4       11%         1
 Tukima's Dance           Hex            2%         N/A       30%         3
 Vampiric Draining        Necr           2%         2d6       30%         3
 Alistair's Intoxication  Tmut/Pois      15%        N/A       50%         5
 Yara's Violent Unravell  Hex/Tmut       11%        3d6       50%         5
 Summon Mana Viper        Hex/Summ       22%        N/A       52%         5
 Dispersal                Tloc           21%        N/A       54%         6
 Summon Cactus Giant      Summ           21%        N/A       54%         6
 Agony                    Necr           2%         N/A       96%         5
 Borgnjor's Vile Clutch   Necr/Erth      1%         N/A       96%         5
 Fireball                 Conj/Fire      1%         3d3       96%         5
 Eringya's Noxious Bog    Tmut/Pois      11%        N/A       97%         6
 Starburst                Conj/Fire      1%         6d3       100%        6


Dungeon Overview and Level Annotations

Branches:
Dungeon (10/15)            Temple (1/1) D:4            Lair (4/5) D:8
 Shoals (0/4) Lair:3       Spider (0/4) Lair:2          Orc (0/2) D:9
  Slime: Lair:4-5

Altars:
Ashenzari
Cheibriados
Dithmenos
Elyvilon
Fedhas
Gozag
Hepliaklqana
Kikubaaqudgha
Makhleb
Nemelex Xobeh
Okawaru
Qazlal
Ru
Sif Muna
Trog
Uskayaw
Vehumet
Wu Jian
Xom
Yredelemnul
Zin
The Shining One

Shops:
D:2 ?(:   D:3 (   D:6 *

Annotations:
D:3 1 runed translucent door, Crazy Yiuf
D:10 3 transporters


Innate Abilities, Weirdness & Mutations

You are a creature of crystalline ice.
You have a powerful freezing melee attack.
Your maximum health is increased.
Your armour is entirely melded.
You are incapable of wielding weapons or throwing items.
You cannot wear most types of armour.
You are amphibious.
You can wear up to eight rings at the same time.
((Your skin changes colour to match your surroundings (Stealth+).))
((Your rubbery body absorbs attacks. (AC +1, EV +1)))
((You are camouflaged when in or above water. (Stealth+)))
((You have tentacles for arms and can constrict up to eight enemies at once.))
You do not regenerate when monsters are visible.
You expend magic power (3 MP) to strengthen your wands.


Message History

The elephant trunk-slaps you but does no damage.
The elephant closely misses you. The elephant trunk-slaps you.
* * * LOW HITPOINT WARNING * * *
Your dryad calls out to the forest.
Vines fly forth from the trees!
You take 12 damage, and have 11/98 hp.
Your snaplasher vine hits the elephant.
The elephant attacks as you move away! The elephant tramples you!
* * * LOW HITPOINT WARNING * * *
The elephant trunk-slaps you but does no damage.
Your primal bloodlust has ended.
You take 10 damage, and have 1/98 hp.
Space becomes stable.
Your dryad disappears in a puff of smoke!
The vines fall limply to the ground.
You feel much better.
The elephant tramples you but does no damage.
The elephant trunk-slaps you but does no damage.
The elephant tramples you but does no damage.
The elephant trunk-slaps you but does no damage.
You regained 22 hp, and now have 23/98 hp.
You hit the elephant but do no damage.
The elephant is heavily wounded.
You pummel the elephant!! You freeze the elephant!
You kill the elephant!
The elephant tramples you.
* * * LOW HITPOINT WARNING * * *
You stumble backwards!
You take 1 damage, and have 22/98 hp.
The elephant tramples you!
* * * LOW HITPOINT WARNING * * *
You hold your ground!
The elephant trunk-slaps you but does no damage.
You climb upwards.
There is a stone staircase leading down here.
You take 12 damage, and have 10/98 hp.
You punch the elephant! You freeze the elephant.
The elephant is severely wounded.
The elephant tramples you!
You die...

..........##......##
P..#......##...###.#
...........##### ###
..........## ###
..##.......####.##
..#.......##.##..##
...#........##8..8####
...............Y.....#
....PPPP........Y...##
....P~~P.....#8..8#..#
....P~~P.....##..##.##
....PPPP.............#
...................#.#
.#.P....##.###...#.###
.........##.#.....##
..................#
..................#


You could see an elephant.

Vanquished Creatures
  A hydra (Lair:2)
  A catoblepas (Lair:3)
  Sonja (Lair:1)
  The ghost of Dirtsage the Transmogrifier, a novice OpTm of the Shining One (D:9)
  3 elephants (Lair:4)
  3 black mambas
  2 gargoyles
  4 cane toads
  2 rime drakes
  A torpor snail (Lair:3)
  A kobold demonologist (D:10)
  5 komodo dragons
  A polar bear (Lair:2)
  3 blink frogs (Lair:3)
  A snapping turtle (Lair:3)
  8 wyverns
  A wraith (D:9)
  12 yaks
  3 basilisks
  Duvessa (D:6)
  9 water moccasins
  A nameless horror (Lair:2)
  2 ice beasts
  A sky beast (D:8)
  8 black bears
  6 centaurs
  3 ogres
  10 wolves
  A phantom (D:5)
  2 kobold brigands
  7 bullfrogs
  A gnoll sergeant (D:8)
  3 scorpions (D:5)
  3 wights (D:8)
  Dowan (D:6)
  8 killer bees
  A howler monkey (D:6)
  2 electric eels (Lair:3)
  4 jellies
  6 orc priests
  3 hounds
  Terence (D:3)
  Natasha (thrice) (D:3)
  5 iguanas
  5 orc wizards
  4 hell rats (Lair:3)
  3 gnolls (D:8)
  5 adders
  A shadow imp (D:6)
  2 ufetubi
  4 worms
  2 dart slugs
  22 orcs
  6 ball pythons
  6 bats
  10 endoplasms
  5 giant cockroaches
  8 goblins
  9 hobgoblins
  6 jackals (D:1)
  14 kobolds
  5 quokkas
  13 frilled lizards
  7 rats
283 creatures vanquished.

Vanquished Creatures (collateral kills)
  5 yaks (Lair:3)
5 creatures vanquished.

Vanquished Creatures (others)
  A wizard (D:6)
  9 fungi
  19 plants
29 creatures vanquished.

Grand Total: 317 creatures vanquished

Notes
Turn   | Place    | Note
-------+----------+-------------------------------------------
     0 | D:1      | Dirtsage the Octopode Transmuter began the quest for the
                  | Orb.
     0 | D:1      | Reached XP level 1. HP: 13/13 MP: 3/3
   137 | D:1      | Reached skill level 1 in Ice Magic
   137 | D:1      | Reached XP level 2. HP: 17/18 MP: 5/5
   161 | D:1      | Learned a level 2 spell: Wereblood
   287 | D:1      | Reached XP level 3. HP: 16/23 MP: 6/6
  1180 | D:2      | Found Wiucaof's Book Shop.
  1335 | D:2      | Found Ceanei's Magic Scroll Shop.
  1339 | D:2      | Bought a scroll of identify for 28 gold pieces
  1339 | D:2      | Bought a scroll of teleportation for 42 gold pieces
  1351 | D:2      | Found Taiclup's Antique Weapon Emporium.
  1448 | D:2      | Reached XP level 4. HP: 28/28 MP: 7/7
  1964 | D:2      | Learned a level 4 spell: Ice Form
  1966 | D:3      | Found Falonihoe's Weapon Emporium.
  2181 | D:3      | Found a runed translucent door.
  2182 | D:3      | Noticed Crazy Yiuf
  2244 | D:3      | Noticed Terence
  2275 | D:3      | Killed Terence
  2395 | D:3      | Noticed Natasha
  2404 | D:3      | Killed Natasha
  2405 | D:3      | Reached XP level 5. HP: 25/33 MP: 6/8
  2516 | D:3      | Noticed an ice beast
  2528 | D:3      | Killed an ice beast
  2529 | D:3      | Reached XP level 6. HP: 38/38 MP: 5/9
  2612 | D:3      | Noticed Natasha
  2618 | D:3      | Killed Natasha
  3052 | D:3      | Noticed Natasha
  3063 | D:3      | Killed Natasha
  3098 | D:4      | Found a staircase to the Ecumenical Temple.
  3105 | Temple   | Entered the Ecumenical Temple
  3208 | Temple   | Became a worshipper of the Shining One
  3329 | D:4      | Found an opulent altar of Gozag.
  3368 | D:4      | Found a hazy altar of Hepliaklqana.
  3471 | D:4      | Reached skill level 5 in Transmutations
  3570 | D:4      | Reached XP level 7. HP: 43/43 MP: 4/10
  3832 | D:4      | You fall into a shaft and drop 1 floor!
  3832 | D:5      | Entered Level 5 of the Dungeon
  4097 | D:4      | Found a radiant altar of Vehumet.
  4200 | D:4      | Identified the +0 leather armour of Qamurhi {*Corrode
                  | +Blink rF+ rN++}
  4347 | D:4      | Reached skill level 5 in Ice Magic
  4440 | D:4      | The Shining One protects you from harm!
  4524 | D:5      | Reached skill level 1 in Invocations
  4722 | D:5      | Reached XP level 8. HP: 49/49 MP: 6/11
  4859 | D:5      | Reached * piety under the Shining One
  5019 | D:5      | Found a sparkling altar of Nemelex Xobeh.
  5233 | D:6      | Found Duedies's Assorted Antiques.
  5237 | D:6      | Bought a blackened sapphire ring for 150 gold pieces
  5283 | D:6      | Noticed Duvessa
  5283 | D:6      | Noticed Dowan
  5303 | D:6      | Killed Duvessa
  5310 | D:6      | Killed Dowan
  5914 | D:6      | Found a burning altar of Makhleb.
  6002 | D:6      | Reached XP level 9. HP: 55/55 MP: 7/12
  6107 | D:6      | Found a white marble altar of Elyvilon.
  6157 | D:6      | Found a bloodstained altar of Trog.
  6160 | D:6      | Noticed a wizard
  6165 | D:6      | Killed a wizard
  7133 | D:8      | Noticed a gargoyle
  7133 | D:8      | Reached ** piety under the Shining One
  7146 | D:8      | Reached skill level 5 in Unarmed Combat
  7150 | D:8      | Reached XP level 10. HP: 59/63 MP: 7/13
  7157 | D:8      | Killed a gargoyle
  7158 | D:8      | Reached skill level 5 in Dodging
  7166 | D:8      | Reached skill level 5 in Invocations
  7227 | D:8      | Found a staircase to the Lair.
  7375 | D:8      | Reached skill level 5 in Fighting
  7480 | D:8      | Found a snail-covered altar of Cheibriados.
  7626 | D:9      | Found a staircase to the Orcish Mines.
  7675 | D:9      | Reached skill level 1 in Translocations
  7702 | D:9      | Found a blossoming altar of Fedhas.
  7730 | D:9      | Found a runed translucent door.
  7730 | D:9      | Noticed Dirtsage's ghost (novice OpTm)
  7769 | D:9      | Killed Dirtsage's ghost
  7770 | D:9      | Reached skill level 1 in Summonings
  8043 | D:9      | Reached XP level 11. HP: 72/72 MP: 13/15
  8332 | D:9      | Found a shadowy altar of Dithmenos.
  8512 | D:10     | Entered Level 10 of the Dungeon
  8584 | D:10     | Found a transporter.
  8597 | D:10     | Found a transporter.
  8599 | D:10     | Found a transporter.
  8724 | Lair:1   | Entered Level 1 of the Lair of Beasts
  8785 | Lair:1   | Noticed Sonja
  8798 | Lair:1   | Killed Sonja
  9594 | Lair:2   | Reached skill level 5 in Summonings
  9594 | Lair:2   | Reached skill level 5 in Translocations
  9607 | Lair:2   | Learned a level 5 spell: Summon Forest
  9718 | Lair:2   | Found a hole to the Spider Nest.
  9888 | Lair:2   | Noticed a seven-headed hydra
  9900 | Lair:2   | Killed a seven-headed hydra
  9901 | Lair:2   | Reached XP level 12. HP: 58/80 MP: 12/16
 10421 | Lair:2   | Reached *** piety under the Shining One
 10643 | Lair:3   | Noticed a catoblepas
 10671 | Lair:3   | HP: 3/97 [catoblepas (14)]
 10679 | Lair:3   | Killed a catoblepas
 11672 | Lair:3   | Found a staircase to the Shoals.
 11934 | Lair:3   | Gained mutation: You are dopey. (Int -2) [potion of
                  | mutation]
 11934 | Lair:3   | Gained mutation: One of your tentacles bears a spike.
                  | [potion of mutation]
 11935 | Lair:3   | Lost mutation: One of your tentacles bears a spike. [potion
                  | of mutation]
 11935 | Lair:3   | Lost mutation: You are dopey. (Int -2) [potion of mutation]
 11935 | Lair:3   | Gained mutation: You do not regenerate when monsters are
                  | visible. [potion of mutation]
 11935 | Lair:3   | Gained mutation: You expend magic power (3 MP) to
                  | strengthen your wands. [potion of mutation]
 12002 | Lair:4   | HP: 1/98 [elephant (10)]
 12009 | Lair:3   | Slain by an elephant

Illustrated notes

Levels and vault maps discovered:
D:1:      roderic_chinese_lattice_arrival, layout_basic
D:2:      layout_loops_corners, serial_shops, nicolae_shop_advertising_works
          [nicolae_subvault_shop_adworks], nicolae_shop_trees,
          nicolae_lakefront_shop
D:3:      layout_basic, serial_shops, shop, st_stairs_1, uniq_natasha,
          uniq_terence, uniq_crazy_yiuf_cottage
D:4:      minmay_door_path, layout_basic, mainiacjoe_overflow_tiny_flanked,
          fiery_altar_vehumet, old_standard_altar,
          minmay_temple_entry_overgrown, minmay_lizard_king
D:5:      layout_cave_pools, nemelex_dance_club_becter
D:6:      layout_basic, makhleb_heckhound_becter, trog_wizard, elyvilon_altar_4,
          serial_shops, nicolae_shop_hallway_stairs, minmay_misc_feat_cross,
          uniq_duvessa
D:7:      layout_rooms
D:8:      layout_basic, slow_altar_2, minmay_lair_entry_grove
D:9:      layout_roguey, mainiacjoe_overflow_alcove_2,
          fedhas_bush_and_centaur_altar, orc_0_dummy,
          hellmonk_ghost_happy_afterlife, roderic_roman_lattice
D:10:     layout_loops_ring, nicolae_transporter_circle, uniq_fannar
Temple:   hc_temple_tempest_star
Lair:1:   layout_hall_layers, st_stairs_8, uniq_sonja
Lair:2:   layout_chaotic_city, spider_nest_entry_web_field, forest_entry_grove,
          lemuel_fruit_tree, grunt_megastairs_5
Lair:3:   layout_gridlike, minmay_shoals_entry_hut, st_stairs_6,
          grunt_forest_small_clearing_treed, lemuel_fruit_fields,
          serial_bayou_shore_b
Lair:4:   statuecave_lemuel, layout_small_grid

Skill      XL: |  1  2  3  4  5  6  7  8  9 10 11 12 |
---------------+-------------------------------------+-----
Ice Magic      | 1 2 3 4 5 6 7 8 |  8.0
Transmutations | 3 4 5 6 8 |  8.0
Invocations    | 1 2 4 6 |  6.3
Fighting       | 2 4 5 6 7 |  7.7
Dodging        | 3 4 6 |  6.2
Unarmed Combat | 4 5 6 7 8 |  8.3
Translocations | 2 5 7 |  7.7
Summonings     | 2 5 7 |  7.7
Spellcasting   | |  2.0

Action                   |  1- 3 |  4- 6 |  7- 9 | 10-12 || total
-------------------------+-------+-------+-------+-------++-------
Melee: Unarmed           |    93 |   111 |   233 |   395 ||   832
       Tentacles         |    22 |    11 |    11 |       ||    44
       Constrict         |    29 |    23 |     9 |       ||    61
       Kick              |    16 |    24 |     6 |       ||    46
       Punch             |     2 |     5 |     3 |       ||    10
       Staff             |       |       |     4 |       ||     4
 Cast: Beastly Appendage |    16 |    14 |     4 |       ||    34
       Wereblood         |     2 |     2 |    11 |    17 ||    32
       Ice Form          |       |     3 |    25 |    34 ||    62
       Summon Forest     |       |       |       |     7 ||     7
Invok: Divine Shield     |       |       |       |     5 ||     5
  Use: Scroll            |       |       |     7 |     9 ||    16
       Potion            |       |       |     1 |    10 ||    11
 Stab: Sleeping          |    10 |     6 |       |       ||    16
Armor: Skin              |     5 |    17 |    80 |   143 ||   245
Dodge: Dodged            |    51 |    56 |   115 |   218 ||   440
Block: Other             |       |       |       |    16 ||    16

Table legend: (Time is in decaauts)
 A = Elapsed time spent in this place.
 B = Non-inter-level travel time spent in this place.
 C = Inter-level travel time spent in this place.
 D = Time resting spent in this place.
 E = Time spent auto-exploring this place.
 F = Levels seen in this place.
 G = Mean time per level.
                   A        B        C        D        E       F      G
               +--------+--------+--------+--------+--------+-----+--------+
         Total |  11962 |  11375 |    587 |    164 |   9139 |  15 |  797.5 |
       Dungeon |   8570 |   8084 |    486 |     30 |   6606 |  10 |  857.0 |
        Temple |    118 |    104 |     14 |      0 |     83 |   1 |  118.0 |
          Lair |   3273 |   3186 |     87 |    134 |   2450 |   4 |  818.2 |
               +--------+--------+--------+--------+--------+-----+--------+

Top non-repeatable levels by time:
  Lair:2: 1249 daAuts
     D:4: 1232 daAuts
  Lair:3: 1192 daAuts
     D:3: 1136 daAuts
     D:1: 1061 daAuts
     D:6: 1026 daAuts
     D:9: 939 daAuts
     D:2: 897 daAuts
     D:5: 777 daAuts
  Lair:1: 770 daAuts
     D:7: 708 daAuts
     D:8: 603 daAuts
    D:10: 187 daAuts
  Temple: 118 daAuts
  Lair:4: 61 daAuts
